 Dungeon Crawl Stone Soup version 0.30.0-10-gfe55d96785 (webtiles) character file.

Game seed: 9963095677163234690

185 gelatine the Firebug (level 5, -10/37 HPs)
             Began as a Demonspawn Fire Elementalist on May 16, 2023.
             Mangled by an iguana (11 damage)
             ... on level 4 of the Dungeon.
             The game lasted 00:10:25 (3303 turns).

gelatine the Firebug (Demonspawn Fire Elementalist) Turns: 3303, Time: 00:10:26

Health: -10/37     AC:  5    Str:  9    XL:     5   Next: 37%
Magic:  7/9        EV: 12    Int: 18    God:
Gold:   134        SH:  0    Dex: 13    Spells: 4/10 levels left

rFire   . . .        d - +0 hand axe
rCold   . . .        (no shield)
rNeg    . . .        a - +0 robe
rPois   +            (helmet restricted)
rElec   .            (no cloak)
rCorr   .            (no gloves)
SInv    .            g - +0 pair of boots
Will    .....        (no amulet)
Stlth   ++           i - ring of poison resistance
HPRegen 0.26/turn    (no ring)
MPRegen 0.11/turn

%: no passive effects
@: very slightly contaminated
A: horns 1, icy blue scales 1
a: no special abilities


You were on level 4 of the Dungeon.
You visited 1 branch of the dungeon, and saw 4 of its levels.

You collected 204 gold pieces.
You spent 70 gold pieces at shops.

Inventory:

Hand Weapons
 d - a +0 hand axe (weapon)
 q - a +3 spear
Armour
 a - a +0 robe (worn)
 g - a +0 pair of boots (worn)
 o - a +1 animal skin
 t - a +0 kite shield
Jewellery
 i - a ring of poison resistance (left hand)
 n - an amulet of guardian spirit
Wands
 r - a wand of paralysis (9)
Scrolls
 c - a scroll of poison {unknown}
 f - 5 scrolls of vulnerability {unknown}
 k - a scroll of noise {unknown}
 l - a scroll of teleportation
 m - a scroll of enchant armour {unknown}
Potions
 e - a potion of haste
 h - 2 potions of might
 j - a potion of ambrosia {unknown}
 p - a potion of degeneration {unknown}
 s - a potion of curing {unknown}


   Skills:
 * Level 1.2 Fighting
 + Level 0.4 Axes
 * Level 2.2 Dodging
 * Level 2.2 Stealth
 * Level 3.1 Spellcasting
 * Level 1.7 Conjurations
 * Level 0.1 Translocations
 * Level 3.8 Fire Magic
 * Level 0.1 Evocations


You had 4 spell levels left.
You knew the following spells:

 Your Spells              Type           Power      Damage    Failure   Level
a - Foxfire               Conj/Fire      48%        2x1d6     4%          1
b - Scorch                Fire           32%        2d6       4%          2
c - Volatile Blastmotes   Fire/Tloc      20%        2d11      22%         3

Your spell library contained the following spells:

 Spells                   Type           Power      Damage    Failure   Level
 Apportation              Tloc           6%         N/A       16%         1
 Necrotise                Necr           8%         1d4       16%         1
 Summon Small Mammal      Summ           8%         N/A       16%         1
 Inner Flame              Hex/Fire       9%         N/A       22%         3
 Hailstorm                Conj/Ice       5%         3d4       34%         3
 Flame Wave               Conj/Fire      12%        2d6       45%         4
 Ice Form                 Ice/Tmut       2%         N/A       85%         4
 Simulacrum               Ice/Necr       1%         N/A       100%        6


Dungeon Overview and Level Annotations

Branches:
Dungeon (4/15)
 Temple: D:4-7

Altars:
Dithmenos

Shops:
D:1 *(??


Innate Abilities, Weirdness & Mutations

You have a pair of small horns on your head.
You are partially covered in icy blue scales. (AC +2)


Message History

The iguana completely misses you.
Casting: Scorch (safe; 5% risk of failure)
Confirm with . or Enter, or press ? or * to list all spells.
Flames lash the iguana.
The iguana is burned terribly!
The iguana is almost dead.
The iguana misses you.
You hit the iguana.
You kill the iguana!
An iguana comes into view.
A kobold brigand comes into view.
It is wielding a +0 short sword and quivering curare-tipped darts.
Casting: Scorch (safe; 4% risk of failure)
Confirm with . or Enter, or press ? or * to list all spells.
You don't have enough magic to cast this spell.
Casting: Scorch (safe; 4% risk of failure)
Confirm with . or Enter, or press ? or * to list all spells.
You miscast Foxfire.
Nothing appears to happen.
The kobold brigand shouts!
The kobold brigand throws a curare-tipped dart.
The curare-tipped dart barely misses you.
You hit the iguana but do no damage.
The iguana bites you but does no damage.
You hit the iguana.
The iguana is lightly wounded.
An ufetubus comes into view.
The iguana bites you!
You hit the iguana but do no damage. Your headbutt misses the iguana.
The iguana is lightly wounded.
The iguana barely misses you. The iguana closely misses you.
You hit the iguana but do no damage.
The iguana is lightly wounded.
The iguana misses you. Magic courses through your body. The iguana bites you!
* * * LOW HITPOINT WARNING * * *
Casting: Foxfire (safe; 4% risk of failure)
Confirm with . or Enter, or press ? or * to list all spells.
Flames lash the iguana.
The iguana is moderately wounded.
The iguana's fire resistance burns away.
The iguana bites you!
You die...

#.###
#...#
###.#
#.# #.#
#.# #.#
######.#
#....[@#
#.####l#
#5K ##.#
.# .. ..
...


You could see a kobold brigand, an iguana (combustible) and an ufetubus.

Vanquished Creatures
  An iguana (D:4)
  Ijyb (D:3)
  Natasha (D:2)
  Robin (D:3)
  3 adders
  A dart slug (D:3)
  4 ball pythons
  6 endoplasms
  4 giant cockroaches
  12 goblins
  4 hobgoblins
  A quokka (D:2)
  10 bats
  3 frilled lizards
  9 kobolds
  7 rats (D:1)
68 creatures vanquished.

Vanquished Creatures (others)
  178 foxfires
178 creatures vanquished.

Grand Total: 246 creatures vanquished

Notes
Turn   | Place    | Note
-------+----------+-------------------------------------------
     0 | D:1      | gelatine the Demonspawn Fire Elementalist began the quest
                  | for the Orb.
     0 | D:1      | Reached XP level 1. HP: 13/13 MP: 3/3
    79 | D:1      | Found Zexicina's Antique Weapon Shoppe.
   279 | D:1      | Gained mutation: You have a pair of small horns on your
                  | head. [demonic ancestry]
   279 | D:1      | Reached XP level 2. HP: 19/19 MP: 1/5
   893 | D:1      | Reached XP level 3. HP: 24/24 MP: 0/6
   898 | D:1      | Learned a level 2 spell: Scorch
   969 | D:1      | Learned a level 3 spell: Volatile Blastmotes
   990 | D:1      | Found Asiro's Magic Scroll Shoppe.
  1041 | D:1      | Found Esom's Assorted Antiques.
  1249 | D:1      | Found Qataityf's Magic Scroll Emporium.
  1252 | D:1      | Bought a scroll of identify for 20 gold pieces
  1253 | D:1      | Bought a scroll of identify for 20 gold pieces
  1253 | D:1      | Bought a scroll of teleportation for 30 gold pieces
  1416 | D:1      | Found Doicoit's General Store.
  1562 | D:2      | Noticed Natasha
  1664 | D:2      | Killed Natasha
  1844 | D:2      | Reached XP level 4. HP: 31/31 MP: 1/7
  2059 | D:2      | You fall into a shaft and drop 1 floor!
  2104 | D:3      | Noticed Robin
  2118 | D:3      | Killed Robin
  2381 | D:3      | Noticed Ijyb
  2382 | D:3      | Paralysed by Ijyb for 3 turns
  2394 | D:3      | Paralysed by Ijyb for 4 turns
  2399 | D:3      | Killed Ijyb
  2400 | D:3      | Gained mutation: You are partially covered in icy blue
                  | scales. (AC +2) [demonic ancestry]
  2400 | D:3      | Reached XP level 5. HP: 20/36 MP: 1/9
  2666 | D:3      | Reached skill level 1 in Fighting
  3091 | D:3      | Found a shadowy altar of Dithmenos.
  3302 | D:4      | HP: 1/37 [iguana (13)]
  3303 | D:4      | Mangled by an iguana

Illustrated notes

Levels and vault maps discovered:
D:1:      heliophobic_arrival_enchanted_forest, layout_basic, serial_shops,
          shop, nicolae_shop_rolled_up, shop, nicolae_shop_behind_doors, shop,
          dk_noncrumbling_2, minmay_bisected
D:2:      layout_loops_cross, basic_altar, uniq_natasha
D:3:      layout_loops_corners, nicolae_dithmenos_through_a_glass_darkly,
          old_standard_altar, uniq_robin, uniq_ijyb
D:4:      layout_loops_ring, lemuel_round_altar, minmay_temple_entry_sparse_star

Skill      XL: |  1  2  3  4  5 |
---------------+----------------+-----
Fire Magic     | 3 |  3.8
Stealth        | 2 |  2.2
Dodging        | 2 |  2.2
Spellcasting   | 3 |  3.1
Fighting       | 1 |  1.2
Axes           | |  0.4
Conjurations   | |  1.7
Translocations | |  0.1
Evocations     | |  0.1

Action                     |  1- 3 |  4- 6 || total
---------------------------+-------+-------++-------
  Melee: Hand axe          |    27 |    32 ||    59
         Headbutt          |     5 |     5 ||    10
   Cast: Foxfire           |    69 |    43 ||   112
         Scorch            |     5 |     9 ||    14
    Use: Scroll            |     2 |       ||     2
         Potion            |       |     1 ||     1
   Stab: Sleeping          |       |     1 ||     1
 Armour: Robe              |    14 |    15 ||    29
  Dodge: Dodged            |    37 |    26 ||    63
